 Dungeon Sprint DCSS version 0.22.0-21-g8bd1b0a (webtiles) character file.

14400000 poirepourri the Middleweight Champion (level 27, -105/273 HPs)
             Began as a Ghoul Gladiator on Aug 19, 2018.
             Was the Champion of Makhleb.
             Annihilated by a fleshlord
             ... wielding a +9 great mace
              (334 damage)
             ... in the Dungeon (Sprint VIII: "Arena of Blood").
             The game lasted 00:02:54 (144 turns).

poirepourri the Middleweight Champion (GhGl)         Turns: 144, Time: 00:02:55

Health: -105/273   AC:  8    Str: 22    XL:     27
Magic:  50/53      EV: 34    Int:  3    God:    Makhleb [******]
Gold:   0          SH:  0    Dex: 19    Spells: 80/80 levels left

rFire    . . .     SeeInvis .   k - +∞ Axe of Woe
rCold    + . .     Gourm    .   (shield currently unavailable)
rNeg     + + +     Faith    .   a - +0 leather armour
rPois    ∞         Spirit   .   b - +0 helmet
rElec    .         Reflect  .   (no cloak)
rCorr    .         Harm     .   (no gloves)
MR       ++...     NoTele   +   (no boots)
Stlth    +++++++++.             (no amulet)
HPRegen  0.00/turn              (no ring)
MPRegen  0.33/turn              (no ring)

@: rotting, slowed, very slow
A: rotting body, claws 1, carnivore, cold resistance 1, negative energy
resistance 3, inhibited regeneration, torment resistance, unbreathing
a: Minor Destruction, Lesser Servant of Makhleb, Major Destruction, Greater
Servant of Makhleb, Renounce Religion


You were in the Dungeon.
You worshipped Makhleb.
Makhleb was exalted by your worship.
You were not hungry.

You visited 1 branch

Inventory:

Hand Weapons
 k - the +∞ Axe of Woe (weapon)
   (You found it in the Dungeon)
Missiles
 c - 3 throwing nets (quivered)
Armour
 a - a +0 leather armour (worn)
 b - a +0 helmet (worn)
Scrolls
 j - a scroll of blinking
Potions
 e - a potion of curing
 f - a potion of heal wounds
 g - a potion of haste
 h - 2 potions of magic
 i - a potion of berserk rage
Comestibles
 d - a ration
 l - a chunk of flesh


   Skills:
 O Level 27 Fighting
 O Level 27 Axes
 O Level 27 Throwing
 O Level 27 Armour
 O Level 27 Dodging
 O Level 27 Stealth
 O Level 27 Unarmed Combat
 O Level 27 Spellcasting
 O Level 27 Invocations


You had 80 spell levels left.
You didn't know any spells.
Your spell library was empty.

Dungeon Overview and Level Annotations

Branches:
Dungeon (1/1)

Altars:
Makhleb


Innate Abilities, Weirdness & Mutations

Your body is rotting away.
You thrive on raw meat.
You are immune to poison.
You have sharp fingernails.
You are carnivorous and can eat meat at any time.
Your flesh is cold resistant. (rC+)
You are immune to negative energy. (rN+++)
You do not regenerate when monsters are visible.
You are immune to unholy pain and torment.
You can survive without breathing.


Message History

You slice the meat berserker!!
You slaughter the meat berserker joyfully.
You kill the meat berserker!
Makhleb accepts your kill.
You feel better.
You slash the dread!
You slaughter the dread joyfully.
You destroy the dread!
Makhleb accepts your kill.
You feel better.
You slice the bag of meat!!
You hew the bag of meat savagely.
You kill the bag of meat!
Makhleb accepts your kill. ------------------------------------------------------------------------------ ------------------------------------------------------------------------------ -- The Meatlord has descended... -- ------------------------------------------------------------------------------ ------------------------------------------------------------------------------ You are engulfed in blazing flames.
You hear a shout!
You hear an angry hiss.
You hear a shout! x8
A bag of meat comes into view. It is wielding a +9 war axe.
Unknown command.
You are engulfed in blazing flames.
You hear a shout! x6
The fleshlord hits you with a +9 great mace!!!!!!
Ouch! That really hurt!
You die...

.OO.. .. #%M.
..# . #... ..#
.%###... ..###O
.......###%..z..
.....%))_...%@o
#))))%# . .
#_§§)_# ...
....#)§)@p#.....
.....%§_§)o..o..
...%..###).%....
..###... ..###o.
D #... ..# .
#O.. ..# ...O.
... .... ....


You could see a fleshlord and 3 bags of meat.

Vanquished Creatures
  2 hell knights (D)
  Sigmund (D)
  12 hell beasts (D)
  6 greater mummies (D)
  4 great orbs of eyes (D)
  8 wraiths (D)
  Harold (D)
  20 vampire knights (D)
  46 ogres (D)
  7 two-headed ogres (D)
  5 liches (D)
  5 hydras (D)
  55 orcs (D)
  4 phantoms (D)
  6 skeletal warriors (D)
  4 sea snakes (D)
  5 large abominations (D)
  7 small abominations (D)
  23 crawling corpses (D)
221 creatures vanquished.

Vanquished Creatures (others)
  A crawling corpse (D)
1 creature vanquished.

Grand Total: 222 creatures vanquished

Notes
Turn   | Place    | Note
-------+----------+-------------------------------------------
     0 | D        | Found the +∞ Axe of Woe
     0 | D        | poirepourri the Ghoul Gladiator began the quest for the Orb.
     0 | D        | Reached XP level 1. HP: 17/17 MP: 0/0
     2 | D        | Noticed a bag of meat
     2 | D        | Noticed a bag of meat
     4 | D        | Became a worshipper of Makhleb the Destroyer
     7 | D        | Killed a bag of meat
     7 | D        | Reached XP level 2. HP: 40/40 MP: 1/1
     7 | D        | Reached XP level 3. HP: 47/47 MP: 2/2
     7 | D        | Reached XP level 4. HP: 55/55 MP: 3/3
     7 | D        | Reached XP level 5. HP: 61/61 MP: 4/4
     7 | D        | Reached XP level 6. HP: 68/68 MP: 5/5
     7 | D        | Reached XP level 7. HP: 74/74 MP: 6/6
     7 | D        | Reached XP level 8. HP: 82/82 MP: 7/7
     7 | D        | Reached XP level 9. HP: 89/89 MP: 8/8
     7 | D        | Reached XP level 10. HP: 96/96 MP: 9/9
     7 | D        | Reached XP level 11. HP: 103/103 MP: 10/10
     7 | D        | Reached XP level 12. HP: 110/110 MP: 11/11
     7 | D        | Noticed a bag of meat
     8 | D        | Noticed a meat berserker
    10 | D        | Killed a meat berserker
    10 | D        | Reached * piety under Makhleb
    10 | D        | Reached XP level 13. HP: 56/125 MP: 12/12
    10 | D        | Reached XP level 14. HP: 60/133 MP: 13/13
    10 | D        | Noticed a bag of meat
    12 | D        | Noticed a bag of meat
    14 | D        | Killed a bag of meat
    14 | D        | Reached skill level 15 in Fighting
    14 | D        | Reached skill level 1 in Armour
    14 | D        | Killed a bag of meat
    14 | D        | Reached XP level 15. HP: 31/144 MP: 14/14
    15 | D        | Noticed a meat berserker
    16 | D        | Reached ** piety under Makhleb
    16 | D        | Noticed a meat berserker
    16 | D        | Noticed a meat berserker
    17 | D        | Killed a meat berserker
    17 | D        | Reached skill level 15 in Throwing
    17 | D        | Reached skill level 27 in Unarmed Combat
    17 | D        | Reached XP level 16. HP: 150/159 MP: 15/15
    17 | D        | Noticed a meat berserker
    18 | D        | Killed a meat berserker
    18 | D        | Reached skill level 27 in Dodging
    18 | D        | Reached XP level 17. HP: 171/171 MP: 16/16
    18 | D        | Killed a meat berserker
    18 | D        | Reached *** piety under Makhleb
    18 | D        | Noticed a large bag of meat
    19 | D        | Killed a meat berserker
    19 | D        | Reached XP level 18. HP: 159/194 MP: 17/17
    20 | D        | Noticed a meat berserker
    23 | D        | Noticed a meat berserker
    23 | D        | Noticed a destroyer
    24 | D        | Noticed a large bag of meat
    26 | D        | Killed a meat berserker
    26 | D        | Reached skill level 27 in Fighting
    26 | D        | Killed a meat berserker
    26 | D        | Reached **** piety under Makhleb
    26 | D        | Reached XP level 19. HP: 207/207 MP: 18/18
    27 | D        | Killed a large bag of meat
    27 | D        | Reached skill level 27 in Axes
    27 | D        | Noticed a meat berserker
    29 | D        | Killed a destroyer
    29 | D        | Reached ***** piety under Makhleb
    29 | D        | Reached skill level 27 in Throwing
    29 | D        | Reached XP level 20. HP: 216/216 MP: 19/19
    30 | D        | Killed a large bag of meat
    31 | D        | Killed a meat berserker
    31 | D        | Reached skill level 27 in Armour
    31 | D        | Reached XP level 21. HP: 224/224 MP: 20/20
    33 | D        | Reached skill level 15 in Invocations
    33 | D        | Noticed a large bag of meat
    34 | D        | Noticed a destroyer
    34 | D        | Noticed a meat berserker
    35 | D        | Noticed a meat berserker
    38 | D        | Killed a destroyer
    39 | D        | Noticed a destroyer
    40 | D        | Killed a meat berserker
    40 | D        | Reached XP level 22. HP: 185/233 MP: 21/43
    40 | D        | Noticed a destroyer
    42 | D        | Killed a large bag of meat
    42 | D        | Reached skill level 27 in Stealth
    42 | D        | Reached skill level 27 in Invocations
    42 | D        | Noticed a destroyer
    43 | D        | Killed a destroyer
    43 | D        | Reached ****** piety under Makhleb
    43 | D        | Reached skill level 27 in Spellcasting
    43 | D        | Reached XP level 23. HP: 179/240 MP: 22/53
    44 | D        | Noticed a destroyer
    44 | D        | Noticed a destroyer
    44 | D        | Noticed a destroyer
    47 | D        | Reached XP level 24. HP: 249/249 MP: 23/53
    49 | D        | Killed a destroyer
    51 | D        | Killed a destroyer
    51 | D        | Reached XP level 25. HP: 257/257 MP: 24/53
    51 | D        | Killed a destroyer
    52 | D        | Noticed a tyrant
    53 | D        | Killed a destroyer
    53 | D        | Killed a tyrant
    53 | D        | Reached XP level 26. HP: 266/266 MP: 25/53
    55 | D        | Noticed an accursed
    55 | D        | Noticed a destroyer
    58 | D        | Reached XP level 27. HP: 273/273 MP: 26/53
    59 | D        | Noticed an accursed
    60 | D        | Noticed a meat beast
    60 | D        | Noticed a tyrant
    60 | D        | Noticed a tyrant
    61 | D        | Killed a meat beast
    61 | D        | Noticed a destroyer
    63 | D        | Noticed a meat beast
    63 | D        | Noticed a meat beast
    64 | D        | Noticed a dread
    65 | D        | Killed a meat beast
    66 | D        | Noticed a destroyer
    67 | D        | Killed a destroyer
    67 | D        | Noticed a dread
    68 | D        | Noticed a meat beast
    68 | D        | Noticed a dread
    68 | D        | Noticed The Servant
    68 | D        | Noticed an accursed
    69 | D        | Killed a tyrant
    69 | D        | Noticed a meat beast
    71 | D        | Killed a destroyer
    72 | D        | Killed a tyrant
    72 | D        | Killed a meat beast
    72 | D        | Killed a destroyer
    72 | D        | Killed an accursed
    73 | D        | Killed a dread
    73 | D        | Noticed a meat beast
    74 | D        | Killed a meat beast
    74 | D        | Killed a dread
    75 | D        | Killed an accursed
    76 | D        | Killed an accursed
    78 | D        | Noticed a destroyer
    78 | D        | Noticed a destroyer
    79 | D        | Killed a dread
    79 | D        | Noticed a meat beast
    79 | D        | Noticed a destroyer
    82 | D        | Killed a meat beast
    83 | D        | Noticed an accursed
    83 | D        | Noticed a destroyer
    83 | D        | Noticed a destroyer
    84 | D        | Killed The Servant
    84 | D        | Killed a destroyer
    86 | D        | Killed a destroyer
    86 | D        | Killed a destroyer
    88 | D        | Noticed a tyrant
    89 | D        | Killed a tyrant
    89 | D        | Noticed a destroyer
    90 | D        | Noticed an accursed
    91 | D        | Killed a destroyer
    92 | D        | Killed a meat beast
    92 | D        | Noticed The Captor
    93 | D        | Killed a destroyer
    95 | D        | Killed a destroyer
    96 | D        | Noticed a large bag of meat
    97 | D        | Killed a destroyer
    98 | D        | Noticed an accursed
    99 | D        | Killed a meat beast
   101 | D        | HP: 6/273 [accursed/divine providence (12)]
   104 | D        | Noticed a meat beast
   104 | D        | Noticed a large bag of meat
   107 | D        | Killed The Captor
   107 | D        | Noticed a destroyer
   109 | D        | Killed a meat beast
   111 | D        | Noticed a destroyer
   113 | D        | Killed a destroyer
   113 | D        | Killed an accursed
   113 | D        | Noticed a large bag of meat
   114 | D        | Noticed a dread
   116 | D        | Killed a large bag of meat
   116 | D        | Noticed a dread
   118 | D        | Killed a destroyer
   121 | D        | Noticed a fleshlord
   123 | D        | Noticed a fleshlord
   124 | D        | Killed a large bag of meat
   126 | D        | Killed a fleshlord
   126 | D        | Killed a dread
   126 | D        | Killed a dread
   126 | D        | Noticed a destroyer
   126 | D        | Noticed a fleshlord
   126 | D        | Noticed a tyrant
   126 | D        | Noticed a dread
   127 | D        | Killed an accursed
   130 | D        | Killed a destroyer
   131 | D        | Noticed a meat beast
   131 | D        | Noticed a dread
   132 | D        | Killed a fleshlord
   133 | D        | Killed a large bag of meat
   133 | D        | Killed a meat beast
   133 | D        | Noticed a large bag of meat
   134 | D        | Noticed a meat beast
   135 | D        | Noticed a meat beast
   136 | D        | Killed a tyrant
   136 | D        | Killed a meat beast
   136 | D        | Killed a meat beast
   136 | D        | Noticed a meat beast
   137 | D        | Killed a dread
   138 | D        | Killed an accursed
   138 | D        | Killed a dread
   138 | D        | Noticed a fleshlord
   139 | D        | Killed a meat beast
   139 | D        | Killed a large bag of meat
   140 | D        | Noticed an accursed
   141 | D        | Noticed a dread
   143 | D        | Killed a dread
   144 | D        | Annihilated by a fleshlord

Skill      XL: |  1  2  3  4  5  6  7  8  9 10 11 12 13 14 15 16 17 18 19 20 21 22 |
---------------+-------------------------------------------------------------------+-----
Fighting       | 11 14 16 18 20 25 27 | 27.0
Axes           | 3 6 8 11 13 19 25 27 | 27.0
Throwing       | 9 12 13 15 16 20 23 27 | 27.0
Dodging        | 16 20 22 25 27 | 27.0
Unarmed Combat | 18 22 25 27 | 27.0
Armour         | 2 3 4 7 9 22 27 | 27.0
Stealth        | 24 27 | 27.0
Spellcasting   | 18 27 | 27.0
Invocations    | 22 27 | 27.0

Action                   |  1- 3 |  4- 6 |  7- 9 | 10-12 | 13-15 | 16-18 | 19-21 | 22-24 | 25-27 || total
-------------------------+-------+-------+-------+-------+-------+-------+-------+-------+-------++-------
Melee: Executioner's axe |     1 |       |       |     1 |     3 |     3 |     7 |     7 |    75 ||    97
Invok: Major Destruction |       |       |       |       |       |       |       |       |     1 ||     1
       Greater Servant o |       |       |       |       |       |       |       |       |     1 ||     1
Armor: Leather armour    |       |       |       |       |       |       |       |       |     6 ||     6
Dodge: Dodged            |       |       |       |       |     3 |       |       |     3 |    13 ||    19
